 Dungeon Crawl Stone Soup version 0.14-a0-1844-g8283a67 (webtiles) character file.

1185 Kae the Martial Artist (level 7, 0/52 HPs)
             Began as a Green Draconian Transmuter on Jan 11, 2014.
             Was an Initiate of Sif Muna.
             Slain by a gnoll sergeant
             ... wielding a +1,+4 spear
              (5 damage)
             ... on Level 5 of the Dungeon.
             The game lasted 00:10:47 (5623 turns).

Kae the Martial Artist (Green Draconian Transmuter) Turns: 5623, Time: 00:10:47

HP   0/52        AC  7     Str 13      XL: 7   Next: 98%
MP  12/12        EV 12     Int 13      God: Sif Muna [......]
Gold 194         SH  0     Dex 13      Spells:  3 memorised,  4 levels left

rFire  . . .     SeeInvis .       - Unarmed
rCold  . . .     Clarity  .     (armour unavailable)
rNeg   . . .     Conserve .     (no shield)
rPois  +         rCorr    .     (helmet restricted)
rElec  .         rRot     .     m - +0 cloak
SustAb . .       Spirit   .     (no gloves)
rMut   .         Warding  .     (boots unavailable)
Saprov . . .     Stasis   .     (no amulet)
                                (no ring)
                                (no ring)

@: appendage, short of breath, slightly resistant to hostile enchantments,
unstealthy
A: breathe noxious fumes, unfitting armour, talons 3, poison resistance, AC +6
a: Breathe Noxious Fumes, End Transformation, Renounce Religion


You were on level 5 of the Dungeon.
You worshipped Sif Muna.
Sif Muna was noncommittal.
You were hungry.
You had grown temporary talons.
You visited 2 branches of the dungeon, and saw 6 of its levels.

You collected 194 gold pieces.

Inventory:

Missiles
 b - 127 arrows
 f - 4 tomahawks (quivered)
Armour
 m - a +0 cloak (worn)
Comestibles
 a - 3 bread rations
 i - a choko
 o - a meat ration
Scrolls
 c - 3 scrolls of remove curse
 e - 5 scrolls of identify
 g - a scroll of enchant armour
 h - a scroll of teleportation {unknown}
 k - a scroll of blinking {unknown}
 l - 2 scrolls of enchant weapon II {unknown}
 p - a scroll of random uselessness {unknown}
 q - 2 scrolls of immolation {unknown}
 t - 2 scrolls of fear {unknown}
Jewellery
 j - an uncursed ring of fire {unknown}
Potions
 n - a potion of curing
 r - a potion of resistance {unknown}
 s - a potion of poison {unknown}
 x - a potion of beneficial mutation {unknown}
Books
 d - a book of Changes

   Spells                             Type                      Level
   *Beastly Appendage                 Transmutation                1
   *Sticks to Snakes                  Transmutation                2
   *Spider Form                       Transmutation/Poison         3
   Ice Form                           Ice/Transmutation            4
   Blade Hands                        Transmutation                5


   Skills:
 - Level 1.1 Fighting
 - Level 1.7 Dodging
 * Level 8.2 Unarmed Combat
 - Level 2.0 Spellcasting
 + Level 5.5 Transmutations


You had 4 spell levels left.
You knew the following spells:

 Your Spells              Type           Power        Failure   Level  Hunger
a - Beastly Appendage     Trmt           ###...       2%          1    ##.....
b - Sticks to Snakes      Trmt           ###.......   4%          2    ###....
c - Spider Form           Trmt/Pois      #.........   28%         3    ####...


Dungeon Overview and Level Annotations

Branches:
Dungeon (5/16)             Temple (1/1) D:4

Altars:
Ashenzari
Makhleb
Sif Muna


Innate Abilities, Weirdness & Mutations

You can breathe blasts of noxious fumes.*
Your lurid green scales are hard (AC +6).*
Your body does not fit into most forms of armour.
Your cold-blooded metabolism reacts poorly to cold.
Your system is resistant to poisons.*
You have claws for feet.*


Message History

You claw the gnoll sergeant, but do no damage.
The gnoll is engulfed in noxious fumes.
The gnoll appears confused.
The gnoll hits the giant newt skeleton with a spear.
The gnoll hits you from afar with a halberd.
The gnoll sergeant misses you.
The gnoll is engulfed in noxious fumes.
The gnoll appears confused.
Unknown command.
You barely miss the gnoll sergeant.
The gnoll is engulfed in noxious fumes.
The gnoll appears confused.
The gnoll hits you from afar with a halberd!
* * * LOW HITPOINT WARNING * * *
The gnoll hits the gnoll with a spear.
The gnoll sergeant closely misses you.
The gnoll is engulfed in noxious fumes.
The gnoll appears confused.
The gnoll completely misses the gnoll.
The gnoll is engulfed in noxious fumes.
The gnoll asks the gnoll, "What the hell are we doing here?
Hmm, I see..."
You see here an orcish mace.
There is a stone staircase leading up here.
The gnoll sergeant hits you from afar with a spear.
You die...

# #..# #...# #.....
# #..# #...# #.....
# #..###...# #...#
#z.... # #........#
#...# #gg.## #
#........# #...#
#...#
#########..###...#
#..<# #...#
...........# #...#
#...# #...#
...........# #...#
#...# #...#
#########..# #..@#
#...#####...# #..#
#..)###...........#
#..#
#...g%zgg.........#
#..#
#..####.g######...#
#..# #..# #..#
#...# #..# #..#
#..# #)..# #.. #..#
#..# #...##
#..###..# #..#
#..... #.......#
#..# #.....


You could see a gnoll sergeant.

Vanquished Creatures
  A necrophage (D:5)
  A phantom (D:4)
  An ice beast (D:5)
  An ogre (D:3)
  A centaur (D:5)
  2 crimson imps
  A centaur zombie (D:4)
  An orc priest (D:5)
  A hound (D:3)
  2 scorpions (D:4)
  2 orc wizards (D:5)
  2 worker ants
  Jessica (D:3)
  3 adders
  2 gnolls (D:5)
  2 inept item mimics
  3 giant mites
  4 worms
  8 orcs
  7 bats
  10 giant cockroaches
  7 hobgoblins
  14 kobolds
  3 quokkas (D:3)
  2 ball pythons
  3 giant geckos
  3 giant newts
  10 goblins
  12 rats
  A rat skeleton (D:5)
111 creatures vanquished.

Notes
Turn   | Place    | Note
--------------------------------------------------------------
     0 | D:1      | Kae, the Draconian Transmuter, began the quest for the Orb.
     0 | D:1      | Reached XP level 1. HP: 16/16 MP: 3/3
   226 | D:1      | Reached XP level 2. HP: 8/23 MP: 2/4
   248 | D:1      | Learned a level 2 spell: Sticks to Snakes
  1161 | D:2      | Reached XP level 3. HP: 28/28 MP: 4/6
  1190 | D:2      | Reached skill level 4 in Unarmed Combat
  1225 | D:2      | HP: 1/28 [poisoned by an adder]
  1233 | D:2      | HP: 1/28 [poisoned by an adder]
  1284 | D:2      | Learned a level 3 spell: Spider Form
  1286 | D:2      | Paralysed by a potion of paralysis for 7 turns
  2235 | D:3      | Noticed Jessica
  2252 | D:3      | Killed Jessica
  2252 | D:3      | Reached XP level 4. HP: 16/35 MP: 7/7
  2445 | D:3      | Noticed an ogre
  2534 | D:3      | Killed an ogre
  2534 | D:3      | Reached skill level 5 in Unarmed Combat
  2534 | D:3      | Reached XP level 5. HP: 24/40 MP: 3/9
  3146 | D:4      | Noticed a phantom
  3226 | D:4      | Killed a phantom
  3226 | D:4      | Reached skill level 6 in Unarmed Combat
  3226 | D:4      | Reached XP level 6. HP: 19/47 MP: 8/10
  3513 | D:4      | Found a staircase to the Ecumenical Temple.
  3525 | Temple   | Entered the Ecumenical Temple
  3581 | Temple   | Became a worshipper of Sif Muna the Loreminder
  4044 | D:4      | Your scales start taking on a lurid green colour.
  4044 | D:4      | Gained mutation: Your system is resistant to poisons. [draconian maturity]
  4044 | D:4      | Reached XP level 7. HP: 39/52 MP: 10/12
  4276 | D:5      | Entered Level 5 of the Dungeon
  4531 | D:5      | Reached skill level 7 in Unarmed Combat
  4822 | D:5      | Reached skill level 5 in Transmutations
  5287 | D:5      | Reached skill level 8 in Unarmed Combat
  5623 | D:5      | Slain by a gnoll sergeant

Action                   |  1- 3 |  4- 6 |  7- 9 || total
-------------------------+-------+-------+-------++-------
Melee: Unarmed           |   172 |   179 |   118 ||   469
 Cast: Beastly Appendage |    15 |    27 |    13 ||    55
       Spider Form       |       |     2 |     1 ||     3
 Abil: Breathe Noxious F |       |       |     4 ||     4
  Use: Potion            |     5 |       |       ||     5
       Scroll            |     2 |       |       ||     2
 Stab: Confused          |       |       |     1 ||     1
